Map: Traitor's Exile

Players

SicuRo

  • Race: Protoss Protoss
  • League: Platinum
  • Spawn Location: 6:00

PréWorkout

  • Race: Protoss Protoss
  • League: Master
  • Spawn Location: 5:00

PureLegacy - Winner!

  • Race: Terran Terran
  • League: Master
  • Spawn Location: 12:00

Rolo - Winner!

  • Race: Zerg Zerg
  • Spawn Location: 9:00

VOD

Have the link to the VOD?

Description

Time

  • Played on: Dec. 6, 2018, 1:19 p.m.
  • Length: 6:33
Show
View Real Time Build Order
Export as new Build Order

SicuRo Protoss 

Build Orders:  

Get SALT Encoding   

  12  0:01  Probe  
  13  0:13  Probe  
  14  0:22  Pylon  
  14  0:25  Probe  
  15  0:38  Probe  
  15  0:42  Gateway  
  16  0:46  Probe  
  16  0:52  Assimilator  
  16  0:54  Probe  
  17  0:58  Assimilator  
  17  1:02  Probe  
  18  1:09  Pylon  
  18  1:10  Probe  
  20  1:22  Probe  
  21  1:29  Cybernetics Core  
  21  1:34  Probe  
  22  1:40  Zealot  
  24  1:50  Warp Gate  
  24  1:51  Gateway  
  24  2:09  Adept  
  24  2:13  Gateway  
  26  2:24  Pylon  
  26  2:36  Stalker  
  28  2:38  Stalker  
  30  2:50  Robotics Facility  
  30  3:06  Stalker  
  32  3:13  Stalker, Pylon  
  30  3:52  Adept x2  
  30  3:53  Adept  
  34  3:59  Immortal  
  38  4:14  Stalker x2  
  38  4:15  Stalker  
  10  4:47  Probe  
Show
View Real Time Build Order
Export as new Build Order

PréWorkout Protoss 

Build Orders:  

Get SALT Encoding   

  12  0:00  Probe  
  13  0:13  Probe  
  14  0:17  Pylon  
  14  0:25  Probe  
  15  0:37  Probe  
  15  0:41  Gateway  
  16  0:49  Probe  
  17  0:50  Assimilator  
  17  0:56  Pylon  
  17  1:00  Probe  
  18  1:07  Assimilator  
  18  1:09  Probe  
  18  1:17  Probe  
  20  1:26  Probe  
  20  1:29  Cybernetics Core  
  21  1:34  Probe  
  22  1:40  Gateway  
  22  1:47  Probe  
  22  1:51  Pylon  
  23  1:56  Warp Gate  
  23  2:07  Twilight Council  
  23  2:12  Adept  
  25  2:25  Gateway  
  25  2:36  Gateway  
  24  2:39  Adept  
  26  2:48  Resonating Glaives  
  26  2:54  Adept  
  16  3:19  Probe  
  6  3:45  Probe  
Show
View Real Time Build Order
Export as new Build Order

PureLegacy Terran - Winner!

Build Orders:  

Get SALT Encoding   

  12  0:00  SCV  
  13  0:13  SCV  
  14  0:22  Supply Depot  
  14  0:25  SCV  
  15  0:31  Refinery  
  15  0:44  SCV  
  15  0:49  Barracks  
  16  0:56  SCV  
  17  1:03  Barracks  
  17  1:17  Barracks  
  17  1:21  SCV  
  18  1:40  Orbital Command  
  18  1:41  Reaper  
  19  1:52  Refinery  
  19  1:55  Reaper  
  19  2:00  Supply Depot  
  20  2:05  Reaper  
  21  2:13  Reaper  
  21  2:15  SCV  
  23  2:25  Supply Depot  
  23  2:27  SCV  
  23  2:28  Reaper  
  25  2:38  Reaper  
  26  2:45  Reaper  
  26  2:48  SCV  
  28  3:00  Reaper  
  29  3:06  Command Center  
  29  3:12  Reaper  
  29  3:20  Reaper  
  29  3:22  SCV  
  29  3:23  Supply Depot  
  31  3:32  Reaper  
  30  3:44  Reaper  
  31  3:49  Barracks  
  31  3:50  Barracks  
  31  3:52  Reaper  
  32  4:02  SCV  
  33  4:05  Reaper  
  33  4:16  Reaper  
  34  4:19  SCV  
  34  4:21  Orbital Command  
  35  4:24  Reaper  
  35  4:35  SCV  
  35  4:37  Reaper  
  37  4:43  Reaper  
  38  4:46  Reaper  
  38  4:48  Reaper  
  40  4:55  SCV x2  
  40  4:58  Reaper  
  40  4:59  Refinery  
  43  5:00  Refinery  
  43  5:06  Barracks  
  43  5:07  Barracks, SCV  
  43  5:09  Reaper  
  45  5:15  Reaper  
  45  5:21  SCV  
  47  5:22  SCV  
  48  5:28  Reaper  
  48  5:31  Reaper  
  48  5:32  Reaper  
  51  5:53  Reaper  
  52  5:58  Reaper  
  52  5:59  Reaper x2  
  52  6:01  SCV x2  
Show
View Real Time Build Order
Export as new Build Order

Rolo Zerg - Winner!

Build Orders: Pool First 

Get SALT Encoding   

  12  0:01  Drone  
  13  0:10  Extractor  
  13  0:12  Drone  
  13  0:31  Spawning Pool  
  13  0:35  Drone  
  13  0:47  Overlord  
  13  0:53  Drone  
  14  1:06  Drone x2  
  16  1:17  Metabolic Boost  
  16  1:38  Hatchery  
  15  1:41  Drone  
  16  1:51  Queen  
  18  1:55  Zergling x2  
  19  2:02  Overlord  
  19  2:07  Zergling x2  
  20  2:09  Zergling x2  
  21  2:17  Zergling x2  
  22  2:27  Zergling x2  
  22  2:29  Queen  
  25  2:39  Zergling x2  
  26  2:51  Zergling x2  
  26  2:52  Zergling x2  
  26  3:08  Zergling x8  
  26  3:11  Zergling x4  
  28  3:23  Zergling x2  
  28  3:24  Zergling x2  
  30  3:32  Zergling x2  
  31  3:34  Spore Crawler  
  31  3:35  Zergling x2  
  30  3:47  Zergling x10  
  30  3:48  Zergling x2  
  32  3:55  Zergling x4  
  34  4:04  Drone  
  35  4:14  Drone x3  
  34  4:30  Drone x2  
  35  4:31  Overlord  
  35  4:32  Overlord  
  35  4:33  Spore Crawler  
  35  4:34  Drone x2  
  31  4:54  Drone x2  
  31  4:55  Drone x3  
  31  4:58  Drone x4  
  40  5:17  Zergling x10  
  45  5:33  Zergling x4  
  45  5:34  Zergling x6  
  45  5:35  Overlord  
  50  5:36  Drone  
  51  5:47  Drone  
  51  5:48  Overlord  
  52  5:51  Extractor  
  52  5:52  Hatchery  
  50  5:59  Overlord  
  50  6:00  Drone x3  
  53  6:07  Extractor  
  52  6:12  Extractor  
  51  6:20  Drone x6  
Tags
 
Add a new tag
Caveats
  • Supply blocks, unpowered buildings, or Contaminate may cause inaccurate times.
  • Supply counts are checked every 10 seconds.